 Dungeon Crawl Stone Soup version 0.24.0-37-gcf1ca852f1 (webtiles) character file.

Game seed: 9251685148965540382, levelgen mode: deterministic

316 Iamsoldier the Skirmisher (level 6, -3/48 HPs)
             Began as a Demonspawn Berserker on Nov 27, 2019.
             Was a Priest of Trog.
             Killed from afar by a gnoll (11 damage)
             ... with a bolt of acid
             ... on level 3 of the Dungeon.
             The game lasted 00:08:16 (2281 turns).

Iamsoldier the Skirmisher (Demonspawn Berserker)    Turns: 2281, Time: 00:08:16

Health: -3/48      AC:  4    Str: 18    XL:     6   Next: 20%
Magic:  6/6        EV: 13    Int:  8    God:    Trog [***...]
Gold:   83         SH:  0    Dex: 14    Spells: 5/5 levels left

rFire    . . .     SeeInvis .   a - +3 mace (crush)
rCold    . . .     Gourm    .   (no shield)
rNeg     . . .     Faith    .   d - +0 leather armour (curse)
rPois    .         Spirit   .   (no helmet)
rElec    .         Reflect  .   (no cloak)
rCorr    .         Harm     .   (no gloves)
MR       ++...                  m - +0 pair of boots
Stlth    +.........             (no amulet)
HPRegen  1.16/turn              (no ring)
MPRegen  0.10/turn              (no ring)

@: berserk cooldown, regenerating, hasted and slowed
A: claws 2, spiny 2
a: Berserk, Trog's Hand, Renounce Religion


You were on level 3 of the Dungeon.
You worshipped Trog.
Trog was most pleased with you.
You were very hungry.

You visited 1 branch of the dungeon, and saw 3 of its levels.

You collected 83 gold pieces.

Inventory:

Hand Weapons
 a - a +3 mace of crushing (weapon)
 h - a +1 dagger of venom
Armour
 b - a cursed +0 scale mail
 d - a cursed +0 leather armour (worn)
 m - a +0 pair of boots (worn)
Wands
 e - a wand of polymorph (2)
Scrolls
 f - 2 scrolls of identify
Potions
 g - a potion of haste
 i - a potion of heal wounds {unknown}
 k - a potion of cancellation {unknown}
 l - a potion of curing
Comestibles
 c - 3 rations
 j - 5 chunks of flesh


   Skills:
 + Level 4.1 Fighting
 - Level 1.1 Short Blades
 * Level 3.7 Maces & Flails
 + Level 3.1 Armour
 + Level 3.1 Dodging
 - Level 1.7 Unarmed Combat


You had 5 spell levels left.
You didn't know any spells.
Your spell library was empty.

Dungeon Overview and Level Annotations

Branches:
Dungeon (2/15)

Altars:
Gozag
Nemelex Xobeh
Trog


Innate Abilities, Weirdness & Mutations

You have very sharp fingernails.
You are mostly covered in sharp spines.


Message History

The gnoll hits you from afar with a +0 halberd!
* * * LOW HITPOINT WARNING * * *
The gnoll closely misses you.
You feel better. The gnoll closely misses you. The gnoll hits you.
The gnoll misses you. The gnoll barely misses you.
The gnoll is struck by your spines. The gnoll hits you.
The gnoll is struck by your spines.
You kill the gnoll!
Trog accepts your kill.
You feel yourself speed up.
The gnoll hits you from afar with a +0 spear.
The gnoll hits you from afar with a +0 halberd!
* * * LOW HITPOINT WARNING * * *
The gnoll is struck by your spines. The gnoll misses you.
The gnoll completely misses you.
You sock the gnoll!
You kill the gnoll!
Trog accepts your kill.
The gnoll zaps a wand.
The bolt of acid hits you!
You die...

###### +....#
########@)..#
#......)))..#
......gg#++##
....!...#
#....$..#
#######+#


You could see 2 gnolls.

Vanquished Creatures
  2 gnoll shamans (D:3)
  Natasha (thrice) (D:2)
  8 gnolls
  An adder (D:2)
  4 oozes
  A worm (D:2)
  4 leopard geckos
  3 orcs (D:2)
  A ball python (D:2)
  A giant cockroach (D:2)
  8 hobgoblins
  10 jackals
  A quokka (D:2)
  7 bats
  A frilled lizard (D:2)
  7 goblins
  9 kobolds
  A quokka skeleton (D:2)
  5 rats
77 creatures vanquished.

Notes
Turn   | Place    | Note
-------+----------+-------------------------------------------
     0 | D:1      | Iamsoldier the Demonspawn Berserker began the quest for the
                  | Orb.
     0 | D:1      | Reached XP level 1. HP: 18/18 MP: 1/1
    89 | D:1      | Gained mutation: You have sharp fingernails. [demonic
                  | ancestry]
    89 | D:1      | Reached XP level 2. HP: 22/24 MP: 2/2
   348 | D:1      | Reached skill level 1 in Short Blades
   397 | D:1      | Reached ** piety under Trog
   419 | D:1      | Gained mutation: You have very sharp fingernails. [demonic
                  | ancestry]
   419 | D:1      | Reached XP level 3. HP: 21/29 MP: 3/3
   986 | D:2      | Noticed Natasha
   992 | D:2      | Killed Natasha
   992 | D:2      | Reached skill level 1 in Unarmed Combat
   992 | D:2      | Reached XP level 4. HP: 35/35 MP: 4/4
  1502 | D:2      | Found a bloodstained altar of Trog.
  1581 | D:2      | Noticed Natasha
  1609 | D:2      | Killed Natasha
  1609 | D:2      | Gained mutation: You are partially covered in sharp spines.
                  | [demonic ancestry]
  1609 | D:2      | Reached XP level 5. HP: 41/42 MP: 5/5
  1644 | D:2      | Noticed Natasha
  1658 | D:2      | Killed Natasha
  1859 | D:2      | Found an opulent altar of Gozag.
  1859 | D:2      | Found a sparkling altar of Nemelex Xobeh.
  2052 | D:2      | Reached *** piety under Trog
  2256 | D:2      | You fall into a shaft and drop 1 floor!
  2264 | D:3      | Reached skill level 4 in Fighting
  2268 | D:3      | Gained mutation: You are mostly covered in sharp spines.
                  | [demonic ancestry]
  2268 | D:3      | Reached XP level 6. HP: 48/48 MP: 6/6
  2281 | D:3      | Killed from afar by a gnoll

Levels and vault maps discovered:
D:1:      minmay_arrival_checkered_box, layout_basic
D:2:      layout_loops_ring, grunt_temple_overflow_opulence, bloody_makhleb,
          lemuel_doored_altar, kennysheep_decorative_pillar, minmay_bisected,
          uniq_natasha
D:3:      lemuel_castle_with_subvaults [lemuel_castle_interior_carwin_3],
          layout_loops_ring, lemuel_crystal_altar, first_ration

Skill      XL: |  1  2  3  4  5 |
---------------+----------------+-----
Dodging        | 2 3 |  3.1
Armour         | 2 3 |  3.1
Short Blades   | 1 |  1.1
Unarmed Combat | 1 |  1.7
Maces & Flails | 3 |  3.7
Fighting       | 4 |  4.1

Action                   |  1- 3 |  4- 6 || total
-------------------------+-------+-------++-------
Melee: Mace              |    12 |    49 ||    61
       Dagger            |    48 |       ||    48
       Unarmed           |    23 |    57 ||    80
       Punch             |       |     1 ||     1
Invok: Berserk           |     4 |     3 ||     7
       Trog's Hand       |       |     1 ||     1
  Use: Scroll            |     1 |     2 ||     3
       Potion            |       |     2 ||     2
  Eat: Chunk             |     2 |     8 ||    10
Armor: Animal skin       |     7 |       ||     7
       Leather armour    |       |    26 ||    26
       Skin              |       |     3 ||     3
Dodge: Dodged            |    55 |    87 ||   142
